 Dungeon Crawl Stone Soup version 0.31-a0-640-g39d97e502b (webtiles) character file.

Game seed: 13169218652552032590

3310 mandarbmax the Grappler (level 9, -11/85 HPs)
             Began as a Troll Shapeshifter on Aug 29, 2023.
             Was an Elder of Cheibriados.
             Mangled by Erica
             ... wielding a +1 scimitar of flaming
              (12 damage)
             ... on level 8 of the Dungeon.
             The game lasted 00:12:04 (4586 turns).

mandarbmax the Grappler (Troll Shapeshifter)        Turns: 4586, Time: 00:12:05

Health: -11/85     AC:  5    Str: 37    XL:     9   Next: 70%
Magic:  8/8        EV: 12    Int: 15    God:    Cheibriados [****..]
Gold:   297        SH:  0    Dex: 18    Spells: 6/8 levels left

rFire   . .          .
                       - Unarmed
rCold   . . .        (no shield)
rNeg    . . .        s - +1 robe
rPois   .            (helmet currently unavailable)
rElec   .            (cloak currently unavailable)
rCorr   .            (gloves unavailable)
SInv    .            (boots unavailable)
Will    .....        j - amulet of the acrobat
Stlth   ++           (no ring)
HPRegen 1.14/turn    (no ring)
MPRegen 0.11/turn

%: acrobat
@: lethally poisoned (-11 -> -18), beast-form, slowed, very slow
A: beast (slay +3), large, unfitting armour, claws 3, regeneration 1, shaggy fur
1, tough skin 1
a: Begin Untransformation, Renounce Religion, Bend Time, Temporal Distortion,
Slouch


You were on level 8 of the Dungeon.
You worshipped Cheibriados.
Cheibriados was greatly pleased with you.
You were a hulking beast.
You visited 1 branch of the dungeon, and saw 8 of its levels.

You collected 467 gold pieces.
You spent 170 gold pieces at shops.

Inventory:

Missiles
 n - 3 throwing nets
 o - 9 boomerangs
 u - 2 poisoned darts (quivered)
Armour
 s - a +1 robe (worn)
Jewellery
 j - an amulet of the acrobat (around neck)
 A - a ring of protection from fire
 B - an amulet of magic regeneration
Talismans
 c - a beast talisman (active)
 d - a flux talisman
Wands
 m - a wand of polymorph (9)
 r - a wand of roots (8)
 v - a wand of acid (9)
 x - a wand of digging (3)
Scrolls
 g - 6 scrolls of teleportation
 h - 2 scrolls of revelation
 k - 2 scrolls of identify
 p - 3 scrolls of immolation
 q - a scroll of brand weapon
 t - a scroll of enchant armour
 w - a scroll of fog {unknown}
 y - a scroll of torment {unknown}
 z - a scroll of amnesia {unknown}
Potions
 a - a potion of curing
 b - 2 potions of lignification
 e - a potion of enlightenment
 f - 3 potions of invisibility
 i - 3 potions of heal wounds
 l - 2 potions of magic


   Skills:
 + Level 4.7 Fighting
 + Level 4.2 Throwing
 + Level 5.0 Dodging
 * Level 8.9 Unarmed Combat
 + Level 5.9 Shapeshifting


You had 6 spell levels left.
You knew the following spells:

 Your Spells              Type           Power      Damage    Failure   Level
a - Blink                 Tloc           0%         N/A       38%         2

Your spell library contained the following spells:

 Spells                   Type           Power      Damage    Failure   Level
 Cigotuvi's Dreadful Rot  Necr/Pois/Air  0%         N/A       38%         2
 Ensorcelled Hibernation  Hex/Ice        0%         N/A       38%         2
 Lesser Beckoning         Tloc           0%         N/A       38%         2
 Momentum Strike          Conj/Tloc      0%         3d8       38%         2
 Passwall                 Tmut/Erth      0%         N/A       38%         2
 Gell's Gravitas          Tloc           0%         N/A       63%         3
 Swiftness                Air            0%         N/A       63%         3
 Teleport Other           Tloc           0%         N/A       63%         3
 Anguish                  Hex/Necr       0%         N/A       95%         4
 Dispel Undead            Necr           0%         3d6       95%         4
 Death Channel            Necr           0%         N/A       100%        6


Dungeon Overview and Level Annotations

Branches:
Dungeon (8/15)             Temple (0/1) D:5
   Lair: D:8-11

Altars:
Cheibriados
Kikubaaqudgha
Yredelemnul
Zin

Shops:
D:3 !   D:4 ?*

Annotations:
D:2 1 runed translucent door, Crazy Yiuf
D:8 Erica


Innate Abilities, Weirdness & Mutations

You are a hulking beast.
Your limbs bulge with bestial killing power. (Slay +3)
You are too large for most types of armour.
You have claws for hands.
Your natural rate of healing is unusually fast.
You are covered in fur. (AC +1)
You have tough skin. (AC +1)


Message History

You are poisoned.
* * * LOW HITPOINT WARNING * * *
Okay, then.
You scratch something.
You feel very sick.
You hear some strange, mumbled words.
A bolt of poison appears from out of thin air!
The bolt of poison misses you.
You mangle something!!
You feel sick. Something hits you.
* * * LOW HITPOINT WARNING * * *
Something burns you.
* * * LOW HITPOINT WARNING * * *
You hear some strange, mumbled words.
Something tries to affect you, but you resist.
You feel much better.
You feel sick. Something hits you. Something burns you.
You barely miss something.
You feel sick. Something completely misses you.
You miss something. Something hits you. Something burns you.
Something hits you! Something burns you.
* * * LOW HITPOINT WARNING * * *
You barely miss something. You claw something!
You feel sick. Something hits you!
* * * LOW HITPOINT WARNING * * *
Something burns you!
* * * LOW HITPOINT WARNING * * *
Unknown command.
You feel much better.
You feel sick.
You hear some strange, mumbled words.
You feel as though you will be slow longer.
Aiming: Fastroot
Press: ? - help, Shift-Dir - straight line The roots erupt in riotous growth!
Roots grab something.
The grasping roots constrict something!
You feel sick.
You hear a shout! x5; You hear some strange, mumbled words.
A bolt of poison appears from out of thin air!
The bolt of poison hits you!!
You are more poisoned.
* * * LOW HITPOINT WARNING * * *
Something hits you!
You die...

..# ### ###########
# #.........# #
#.........# #
#.......?.# #
#.........## #
#########...........
#
#...................
#
#.#######..{h.......
# #.# ###.#####... #
#.# #.# # #.# #.#
#####.# #.# ......##
#.# .......# #.#
.......# #.#
.[.....#


There were no monsters in sight!

Vanquished Creatures
  Prince Ribbit (D:5)
  Sigmund (D:5)
  Eustachio (D:6)
  Menkaure (D:6)
  2 water moccasins
  Duvessa (D:5)
  3 black bears
  2 sky beasts (D:7)
  2 orc warriors (D:6)
  An ogre (D:5)
  A centaur (D:7)
  2 phantoms
  A bullfrog (D:7)
  Blork the orc (D:5)
  5 scorpions
  Dowan (D:5)
  A howler monkey (D:5)
  3 jellies
  2 hounds (D:6)
  A gnoll bouda (D:7)
  7 orc priests
  3 iguanas
  Natasha (thrice) (D:2)
  6 orc wizards
  Robin (D:2)
  6 gnolls (D:7)
  5 adders
  2 shadow imps
  A white imp (D:7)
  2 ufetubi
  5 dart slugs
  20 orcs
  6 endoplasms
  4 giant cockroaches
  13 goblins
  6 hobgoblins
  4 jackals (D:2)
  4 kobolds
  7 quokkas
  6 ball pythons
  4 bats
  4 frilled lizards
  2 rats
154 creatures vanquished.

Notes
Turn   | Place    | Note
-------+----------+-------------------------------------------
     0 | D:1      | mandarbmax the Troll Shapeshifter began the quest for the
                  | Orb.
     0 | D:1      | Reached XP level 1. HP: 18/18 MP: 0/0
   103 | D:1      | Reached skill level 1 in Fighting
   105 | D:1      | Reached XP level 2. HP: 26/27 MP: 1/1
   490 | D:2      | Noticed Natasha
   492 | D:2      | Reached XP level 3. HP: 33/33 MP: 2/2
   495 | D:2      | Killed Natasha
   593 | D:2      | Noticed Natasha
   627 | D:2      | Killed Natasha
   628 | D:2      | Reached skill level 4 in Unarmed Combat
   628 | D:2      | Reached XP level 4. HP: 41/41 MP: 3/3
   681 | D:2      | Noticed Robin
   708 | D:2      | Killed Robin
   709 | D:2      | Reached XP level 5. HP: 28/49 MP: 4/4
   839 | D:2      | Noticed Natasha
   846 | D:2      | Killed Natasha
   871 | D:2      | Found a runed translucent door.
   872 | D:2      | Noticed Crazy Yiuf
  1317 | D:3      | Found Ciakkuel's Distillery.
  1333 | D:3      | Bought 2 potions of heal wounds for 110 gold pieces
  1477 | D:3      | Found a faded altar of an unknown god.
  1493 | D:3      | Prayed at the altar of an unknown god.
  1493 | D:3      | Became a worshipper of Cheibriados the Contemplative
  1493 | D:3      | Reached * piety under Cheibriados
  1605 | D:3      | Reached XP level 6. HP: 53/57 MP: 5/5
  1749 | D:4      | Found Defiug's Magic Scroll Shoppe.
  1770 | D:4      | Bought a scroll of identify for 20 gold pieces
  1770 | D:4      | Bought a scroll of immolation for 40 gold pieces
  1780 | D:4      | Reached skill level 5 in Unarmed Combat
  1856 | D:4      | Reached ** piety under Cheibriados
  1937 | D:4      | Found Zin's Purification Station.
  1948 | D:4      | Found a glowing silver altar of Zin.
  2191 | D:4      | an ogre changed into a water moccasin
  2191 | D:4      | Noticed a water moccasin
  2200 | D:4      | Killed a water moccasin
  2201 | D:4      | Reached XP level 7. HP: 32/66 MP: 6/6
  2259 | D:4      | Found a basalt altar of Yredelemnul.
  2378 | D:5      | Entered Level 5 of the Dungeon
  2441 | D:5      | Reached skill level 1 in Throwing
  2457 | D:5      | Reached skill level 6 in Unarmed Combat
  2476 | D:5      | Noticed Sigmund
  2498 | D:5      | Killed Sigmund
  2499 | D:5      | Reached XP level 8. HP: 54/75 MP: 2/7
  2582 | D:5      | Noticed Duvessa
  2594 | D:5      | Noticed Dowan
  2602 | D:5      | Killed Duvessa
  2615 | D:5      | Killed Dowan
  2616 | D:5      | Reached skill level 7 in Unarmed Combat
  2646 | D:5      | Noticed Prince Ribbit
  2653 | D:5      | Killed Prince Ribbit
  2654 | D:5      | Reached skill level 5 in Shapeshifting
  2730 | D:5      | Found a staircase to the Ecumenical Temple.
  2936 | D:5      | Noticed Blork the orc
  2947 | D:5      | Killed Blork the orc
  3169 | D:6      | Reached *** piety under Cheibriados
  3170 | D:6      | Reached XP level 9. HP: 82/84 MP: 8/8
  3182 | D:6      | Learned a level 2 spell: Blink
  3389 | D:6      | Reached skill level 8 in Unarmed Combat
  3435 | D:6      | Found an ancient bone altar of Kikubaaqudgha.
  3453 | D:6      | Noticed Menkaure
  3453 | D:6      | Noticed Eustachio
  3476 | D:6      | Killed Menkaure
  3483 | D:6      | Killed Eustachio
  3602 | D:7      | Reached **** piety under Cheibriados
  4363 | D:7      | Reached skill level 5 in Dodging
  4562 | D:8      | Noticed Erica
  4584 | D:8      | HP: 2/85 [something (7)]
  4586 | D:8      | Mangled by Erica

Illustrated notes

Levels and vault maps discovered:
D:1:      wander_arrival_estate, layout_basic, minmay_indecisive_spiral
D:2:      layout_loops_cross, uniq_robin, uniq_natasha, uniq_crazy_yiuf_cottage
D:3:      layout_rooms, serial_shops, shop, ebering_ecumenical_altar_sacrificial
D:4:      layout_cave_pools, zin_purify, mainiacjoe_overflow_alcove_4,
          serial_shops, nicolae_shop_tiny_statue_garden, minmay_close_crescents
D:5:      layout_basic, temple_pool_b, hex_medium, nrook_loot_triangle,
          uniq_duvessa, uniq_prince_ribbit1, uniq_blork_the_orc, uniq_sigmund
D:6:      layout_basic, kennysheep_mini, uniq_menkaure, uniq_eustachio
D:7:      layout_loops_corners, kennysheep_generic_room_12
D:8:      layout_basic, uniq_joseph, uniq_gastronok, uniq_erica, uniq_grum,
          uniq_psyche

Skill      XL: |  1  2  3  4  5  6  7  8  9 |
---------------+----------------------------+-----
Fighting       | 1 2 3 4 |  4.7
Dodging        | 2 3 4 5 |  5.0
Unarmed Combat | 4 5 6 7 8 |  8.9
Shapeshifting  | 4 5 |  5.9
Throwing       | 2 3 4 |  4.2

Action                     |  1- 3 |  4- 6 |  7- 9 || total
---------------------------+-------+-------+-------++-------
  Melee: Unarmed           |    56 |   135 |   170 ||   361
         Punch             |       |     2 |    14 ||    16
  Throw: Boomerang         |       |    34 |     4 ||    38
         Dart              |       |       |     9 ||     9
 Invoke: Bend Time         |       |       |     2 ||     2
  Evoke: Wand              |       |     1 |     2 ||     3
    Use: Scroll            |       |     7 |     2 ||     9
         Potion            |       |     1 |     5 ||     6
   Stab: Sleeping          |       |       |     2 ||     2
 Armour: Animal skin       |    22 |    19 |     3 ||    44
         Skin              |     6 |       |       ||     6
         Robe              |       |       |    21 ||    21
  Dodge: Dodged            |    25 |    62 |   124 ||   211

Table legend: (Time is in decaauts)
 A = Elapsed time spent in this place.
 B = Non-inter-level travel time spent in this place.
 C = Inter-level travel time spent in this place.
 D = Time resting spent in this place.
 E = Time spent auto-exploring this place.
 F = Levels seen in this place.
 G = Mean time per level.
                   A        B        C        D        E       F      G
               +--------+--------+--------+--------+--------+-----+--------+
         Total |   5974 |   5671 |    303 |     63 |   4580 |   8 |  746.8 |
       Dungeon |   5974 |   5671 |    303 |     63 |   4580 |   8 |  746.8 |
               +--------+--------+--------+--------+--------+-----+--------+

Top non-repeatable levels by time:
     D:7: 1561 daAuts
     D:4: 937 daAuts
     D:5: 865 daAuts
     D:2: 786 daAuts
     D:6: 739 daAuts
     D:1: 510 daAuts
     D:3: 466 daAuts
     D:8: 108 daAuts
